General information
- name: BNet
- type: Ladder team game (AT/RT)
- host: Battle.net
- saver: iggy_the_fisk
map: TwistedMeadows
- players: 4
- length: 28:57
- speed: Fast
- version: 1.21 W3XP
- replay type:

» download(199 KB)
Players
team 1 (winner)

»
iggy_the_fisk (
purple | 98 APM | 2836 actions | 28:57)
4 Archmage
2 Summon Water Elemental
2 Brilliance Aura
2 Mountain King
1 Storm Bolt
1 Thunder Clap
» actions
| Assign group hotkey | 112 | |
| Basic commands | 19 | |
| Build / train | 132 | |
| Enter build submenu | 48 | |
| Enter hero's abilities submenu | 6 | |
| Remove unit from queue | 2 | |
| Right click | 1533 | |
| Select / deselect | 552 | |
| Select group hotkey | 263 | |
| Use ability | 169 | |
2836 total
» units
| Peasant | 37 | |
| Footman | 14 | |
| Mortar Team | 6 | |
| Flying Machine | 10 | |
67 total
» upgrades
| Masonry | 3 | |
| Fragmentation Shards | 1 | |
| Gunpowder | 3 | |
| Flak Cannons | 1 | |
| Flying Machine Bombs | 1 | |
| Flare | 1 | |
| Armor | 0 | |
| Plating | 2 | |
12 total
» buildings
| Altar of Kings | 2 | |
| Barracks | 1 | |
| Farm | 12 | |
| Scout Tower | 24 | |
| Lumber Mill | 2 | |
| Arcane Tower | 3 | |
| Town Hall | 2 | |
| Arcane Vault | 1 | |
| Guard Tower | 21 | |
| Keep | 1 | |
| Blacksmith | 1 | |
| Castle | 1 | |
| Workshop | 2 | |
73 total
» build order
00:06 Altar of Kings
00:19 Barracks
00:33 Farm
01:04 Farm
01:39 Farm
02:43 Scout Tower
02:49 Lumber Mill
03:13 Arcane Tower
03:45 Town Hall
03:48 Scout Tower
03:57 Arcane Vault
04:00 Scout Tower
04:10 Farm
04:15 Guard Tower
04:33 Arcane Tower
04:42 Scout Tower
05:10 Guard Tower
05:20 Scout Tower
05:44 Guard Tower
05:44 Guard Tower
06:23 Scout Tower
06:51 Scout Tower
06:52 Guard Tower
07:45 Scout Tower
07:48 Guard Tower
07:48 Guard Tower
07:49 Guard Tower
08:03 Scout Tower
08:14 Guard Tower
08:17 Scout Tower
08:49 Scout Tower
09:22 Guard Tower
09:38 Guard Tower
09:40 Scout Tower
09:43 Scout Tower
09:47 Farm
09:47 Farm
09:58 Scout Tower
09:59 Scout Tower
10:02 Altar of Kings
10:19 Guard Tower
10:54 Lumber Mill
10:56 Arcane Tower
10:58 Scout Tower
11:27 Keep
11:51 Guard Tower
14:08 Blacksmith
14:11 Castle
14:14 Farm
14:57 Farm
15:23 Workshop
15:46 Workshop
17:19 Town Hall
17:52 Scout Tower
18:28 Guard Tower
18:30 Scout Tower
19:35 Guard Tower
19:36 Scout Tower
19:37 Scout Tower
20:16 Guard Tower
20:18 Scout Tower
20:19 Scout Tower
20:34 Guard Tower
21:10 Guard Tower
21:39 Guard Tower
21:41 Scout Tower
21:42 Scout Tower
22:46 Guard Tower
25:58 Farm
27:14 Farm
27:16 Farm
27:47 Farm
» items
| Scroll of Regeneration | 7 | |
| Staff of Teleportation | 1 | |
| Lesser Clarity Potion | 1 | |
| Staff of Sanctuary | 2 | |
| Scroll of Town Portal | 3 | |
14 total

»
timg4strok (
green | 143 APM | 4138 actions | 28:56)
6 Archmage
3 Summon Water Elemental
2 Brilliance Aura
1 Mass Teleport
5 Mountain King
3 Storm Bolt
2 Bash
» actions
| Assign group hotkey | 33 | |
| Basic commands | 208 | |
| Build / train | 85 | |
| ESC pressed | 8 | |
| Enter build submenu | 47 | |
| Enter hero's abilities submenu | 11 | |
| Give item / drop item | 4 | |
| Right click | 1521 | |
| Select / deselect | 600 | |
| Select group hotkey | 1488 | |
| Use ability | 133 | |
4138 total
» units
| Peasant | 12 | |
| Footman | 7 | |
| Forest Troll Shadow Priest | 1 | |
| Forest Troll Berserker | 1 | |
| Sorceress | 3 | |
| Priest | 2 | |
| Spell Breaker | 7 | |
| Rifleman | 6 | |
39 total
» upgrades
| Priest Training | 2 | |
| Sorceress Training | 2 | |
| Control Magic | 1 | |
| Long Rifles | 1 | |
| Gunpowder | 1 | |
| Masonry | 1 | |
| Plating | 1 | |
9 total
» buildings
| Altar of Kings | 1 | |
| Barracks | 1 | |
| Farm | 10 | |
| Scout Tower | 22 | |
| Arcane Tower | 1 | |
| Arcane Vault | 1 | |
| Keep | 1 | |
| Arcane Sanctum | 2 | |
| Castle | 1 | |
| Lumber Mill | 1 | |
| Guard Tower | 8 | |
| Blacksmith | 1 | |
| Town Hall | 3 | |
53 total
» build order
00:04 Altar of Kings
00:08 Barracks
00:29 Farm
00:53 Farm
01:26 Scout Tower
01:41 Farm
01:58 Arcane Tower
03:08 Arcane Vault
04:23 Keep
04:25 Farm
05:42 Farm
05:44 Farm
05:45 Farm
06:55 Arcane Sanctum
06:55 Arcane Sanctum
09:09 Castle
09:47 Lumber Mill
10:28 Scout Tower
10:29 Scout Tower
10:33 Scout Tower
10:34 Scout Tower
11:01 Guard Tower
11:19 Blacksmith
11:27 Guard Tower
13:27 Farm
13:29 Farm
14:57 Scout Tower
16:07 Guard Tower
16:54 Farm
18:47 Town Hall
20:20 Scout Tower
20:23 Scout Tower
21:22 Guard Tower
22:29 Scout Tower
22:30 Scout Tower
22:30 Scout Tower
22:31 Scout Tower
22:36 Scout Tower
22:36 Scout Tower
22:50 Town Hall
23:00 Guard Tower
23:03 Scout Tower
23:03 Scout Tower
24:26 Town Hall
26:33 Scout Tower
26:33 Scout Tower
26:34 Scout Tower
26:35 Scout Tower
26:35 Scout Tower
26:36 Scout Tower
27:06 Guard Tower
27:08 Guard Tower
27:40 Guard Tower
» items
| Scroll of Regeneration | 3 | |
| Lesser Clarity Potion | 2 | |
| Scroll of Town Portal | 3 | |
| Boots of Speed | 1 | |
| Staff of Sanctuary | 1 | |
| Orb of Fire | 1 | |
| Potion of Healing | 1 | |
12 total
team 2 (loser)
Demonik.Hymn (
red | 167 APM | 4823 actions | 28:53)
5 Firelord
3 Summon Lava Spawn
2 Incinerate
3 Beastmaster
2 Summon Quilbeast
1 Summon Bear
» actions
| Assign group hotkey | 83 | |
| Basic commands | 102 | |
| Build / train | 54 | |
| ESC pressed | 2 | |
| Enter build submenu | 17 | |
| Enter hero's abilities submenu | 8 | |
| Give item / drop item | 5 | |
| Right click | 2219 | |
| Select / deselect | 458 | |
| Select group hotkey | 1693 | |
| Use ability | 182 | |
4823 total
» units
| Acolyte | 2 | |
| Ghoul | 6 | |
| Crypt Fiend | 12 | |
| Obsidian Statue | 6 | |
| Meatwagon | 3 | |
29 total
» upgrades
| Backpack | 1 | |
| Burrow | 1 | |
| Destroyer Form | 1 | |
| Web | 1 | |
4 total
» buildings
| Graveyard | 1 | |
| Crypt | 1 | |
| Ziggurat | 9 | |
| Altar of Darkness | 1 | |
| Tomb of Relics | 1 | |
| Halls of the Dead | 1 | |
| Slaughterhouse | 1 | |
| Spirit Tower | 1 | |
| Nerubian Tower | 1 | |
| Black Citadel | 1 | |
18 total
» build order
00:05 Graveyard
00:20 Crypt
00:36 Ziggurat
00:46 Altar of Darkness
01:40 Tomb of Relics
02:10 Ziggurat
02:12 Ziggurat
04:38 Ziggurat
05:18 Halls of the Dead
08:32 Ziggurat
09:53 Slaughterhouse
10:17 Spirit Tower
10:19 Nerubian Tower
11:43 Ziggurat
12:05 Ziggurat
14:02 Black Citadel
17:07 Ziggurat
20:59 Ziggurat
» items
| Rod of Necromancy | 3 | |
| Scroll of Town Portal | 1 | |
| Orb of Corruption | 1 | |
5 total
HatE.Hymn (
orange | 100 APM | 2890 actions | 28:55)
5 Firelord
3 Summon Lava Spawn
2 Incinerate
4 Naga Sea Witch
2 Frost Arrows
2 Forked Lightning
» actions
| Assign group hotkey | 57 | |
| Basic commands | 64 | |
| Build / train | 60 | |
| ESC pressed | 1 | |
| Enter build submenu | 23 | |
| Enter hero's abilities submenu | 9 | |
| Right click | 1366 | |
| Select / deselect | 442 | |
| Select group hotkey | 776 | |
| Use ability | 92 | |
2890 total
» units
| Wisp | 18 | |
| Huntress | 9 | |
| Dryad | 11 | |
| Archer | 2 | |
| Druid of the Claw | 1 | |
41 total
» upgrades
| Abolish Magic | 1 | |
| Strength of the Wild | 2 | |
| Druid of the Claw Training | 2 | |
5 total
» buildings
| Altar of Elders | 1 | |
| Moon Well | 7 | |
| Hunter's Hall | 1 | |
| Ancient of War | 2 | |
| Ancient Protector | 3 | |
| Tree of Ages | 1 | |
| Tree of Life | 3 | |
| Ancient of Lore | 3 | |
| Tree of Eternity | 1 | |
22 total
» build order
00:08 Altar of Elders
00:12 Moon Well
01:45 Hunter's Hall
01:48 Ancient of War
02:01 Moon Well
02:29 Ancient of War
03:41 Moon Well
03:47 Ancient Protector
03:54 Ancient Protector
04:05 Ancient Protector
05:43 Tree of Ages
09:06 Moon Well
09:26 Moon Well
10:31 Tree of Life
10:52 Ancient of Lore
14:06 Ancient of Lore
14:25 Ancient of Lore
16:21 Tree of Eternity
18:05 Moon Well
18:06 Moon Well
21:27 Tree of Life
24:19 Tree of Life
» items
Chat log
(18:28 / All) Demonik.Hymn: alwaysssss a MASS TOWER